[Event "ICC tourney 1955 (60 10)"]
[Site "Internet Chess Club"]
[Date "2020.08.08"]
[Round "4"]
[White "VishyNo1"]
[Black "kabirahmed"]
[Result "1-0"]
[ICCResult "Black resigns"]
[WhiteElo "2104"]
[BlackElo "1895"]
[Opening "Owen defense"]
[ECO "B00"]
[NIC "VO.01"]
[Time "12:07:07"]
[TimeControl "3600+10"]

1. e4 b6 2. d4 Bb7 3. Nc3 e6 4. f4 Bb4 5. Bd3 Nf6 6. Qe2 d5 7. e5 Ne4 8.
Bxe4 dxe4 9. Be3 Nc6 10. Qd2 Qd7 11. a3 Bxc3 12. Qxc3 O-O-O 13. Ne2 Ne7 14.
O-O f5 15. Qb3 h6 16. c4 Rdg8 17. a4 g5 18. a5 gxf4 19. Nxf4 Ng6 20. axb6
axb6 21. Nh5 Nh4 22. Rf2 Rg6 23. d5 exd5 24. Nf4 Rg4 25. cxd5 Qg7 26. d6
Qxe5 27. dxc7 Nf3+ 28. Kh1 Rxf4 29. Bxf4 Qxf4 30. Qe6+ Kxc7 31. g3 Qe5 32.
Rc2+ Kb8 33. Qxb6 {Black resigns} 1-0

[Event "ICC tourney 1955 (60 10)"]
[Site "Internet Chess Club"]
[Date "2020.08.08"]
[Round "4"]
[White "Zach-Ry"]
[Black "BirchRun"]
[Result "1-0"]
[ICCResult "Black resigns"]
[WhiteElo "1844"]
[BlackElo "1879"]
[Opening "Caro-Kann defense"]
[ECO "B15"]
[NIC "CK.05"]
[Time "12:07:07"]
[TimeControl "3600+10"]

1. e4 c6 2. d4 d5 3. Nc3 dxe4 4. Nxe4 Nf6 5. Ng3 g6 6. Nf3 Bg7 7. c3 O-O 8.
Bc4 Nbd7 9. Bf4 Nb6 10. Bb3 Nbd5 11. Be5 Bg4 12. h3 Bxf3 13. Qxf3 e6 14. h4
Nd7 15. Bxg7 Kxg7 16. h5 Qf6 17. Qg4 Qf4 18. Qe2 N7f6 19. c4 Ne7 20. Qe3
Qxe3+ 21. fxe3 Nf5 22. Nf1 Ne4 23. g4 Nfg3 24. Nxg3 Nxg3 25. Rh3 Ne4 26. Bc2
Nd6 27. c5 Nb5 28. Ke2 f5 29. hxg6 hxg6 30. gxf5 exf5 31. Rg3 Rae8 32. Kd2
Kf6 33. Rag1 Rg8 34. Rg5 Nc7 35. Bxf5 Nd5 36. e4 Ne7 37. e5+ Kf7 38. Bd3 Rd8
39. Bc4+ Nd5 40. Rf1+ Ke7 41. Bxd5 Rxd5 42. Ke3 Rgd8 43. Rf4 Rg8 44. Rf6
Rgd8 45. Rgxg6 Rxd4 46. Rg7+ Ke8 47. Rh6 Kf8 48. Rxb7 Kg8 49. Rd6
{Black resigns}
1-0

[Event "ICC tourney 1955 (60 10)"]
[Site "Internet Chess Club"]
[Date "2020.08.08"]
[Round "4"]
[White "mmchan"]
[Black "saanvichess"]
[Result "1/2-1/2"]
[ICCResult "Game drawn by mutual agreement"]
[WhiteElo "1960"]
[BlackElo "1664"]
[Opening "French: exchange variation"]
[ECO "C01"]
[NIC "FR.01"]
[Time "12:07:45"]
[TimeControl "3600+10"]

1. e4 e6 2. d4 d5 3. exd5 exd5 4. c4 Nf6 5. Nf3 Bb4+ 6. Nc3 O-O 7. Be2 Nc6
8. O-O dxc4 9. Bxc4 Bd6 10. h3 h6 11. Re1 Bf5 12. a3 a6 13. b4 Re8 14. Bb2
Qd7 15. Nd5 Nxd5 16. Bxd5 Rxe1+ 17. Qxe1 Re8 18. Qc3 Bxb4 19. Bxf7+ Qxf7 20.
axb4 Be4 21. Ne5 Nxe5 22. dxe5 Qg6 23. f3 Bd5 24. Rd1 c6 25. Qd3 Qxd3 26.
Rxd3 g5 27. Kf2 Kf7 28. Ke3 Ke6 {Game drawn by mutual agreement} 1/2-1/2

[Event "ICC tourney 1955 (60 10)"]
[Site "Internet Chess Club"]
[Date "2020.08.08"]
[Round "4"]
[White "davidbtn"]
[Black "annameiyappan"]
[Result "0-1"]
[ICCResult "White checkmated"]
[WhiteElo "1799"]
[BlackElo "2071"]
[Opening "Réti: King's Indian attack, Yugoslav variation"]
[ECO "A07"]
[NIC "QP.09"]
[Time "12:07:27"]
[TimeControl "3600+10"]

1. Nf3 d5 2. g3 Nf6 3. Bg2 c6 4. O-O Bg4 5. h3 Bxf3 6. Bxf3 e5 7. d4 e4 8.
Bg2 Bd6 9. c4 O-O 10. Qb3 Qd7 11. Nc3 Be7 12. Rd1 Na6 13. Bf4 Rfd8 14. cxd5
cxd5 15. Rac1 Nh5 16. Be3 Kh8 17. h4 f5 18. Bh3 Qd6 19. Nb5 Qg6 20. Bd2 f4
21. Kh2 e3 22. Be1 exf2 23. Bxf2 fxg3+ 24. Bxg3 Nxg3 25. Qxg3 Qh6 26. Nc7
Bd6 27. Qxd6 Qxd6+ 28. Kg2 Nxc7 29. Rc3 Re8 30. Rdc1 Rxe2+ 31. Kf1 Qh2 32.
Rf3 Rae8 33. b4 Qh1# {White checkmated} 0-1

[Event "ICC tourney 1955 (60 10)"]
[Site "Internet Chess Club"]
[Date "2020.08.08"]
[Round "4"]
[White "alphachesplayer"]
[Black "chessKingR"]
[Result "1-0"]
[ICCResult "Black checkmated"]
[WhiteElo "1807"]
[BlackElo "1832"]
[Opening "Sicilian: Pelikan, Chelyabinsk variation"]
[ECO "B33"]
[NIC "SI.37"]
[Time "12:06:28"]
[TimeControl "3600+10"]

1. e4 c5 2. Nf3 Nc6 3. d4 cxd4 4. Nxd4 Nf6 5. Nc3 e5 6. Ndb5 d6 7. Bg5 a6 8.
Na3 b5 9. Nd5 Be7 10. Bxf6 Bxf6 11. c3 O-O 12. Be2 Bg5 13. O-O Ne7 14. Nxe7+
Qxe7 15. Qc2 Bb7 16. Rad1 Rac8 17. Qb1 Rfd8 18. Bf3 f5 19. Rfe1 Rf8 20. Qd3
Qf7 21. exf5 Bxf3 22. Qxf3 Be7 23. Qd5 Qxd5 24. Rxd5 Rxf5 25. Nc2 g6 26. g3
g5 27. Nd4 Rf7 28. Nb3 h5 29. Nd2 g4 30. Ne4 Rcf8 31. Re2 Rd8 32. Red2 Bf8
33. Nxd6 Rfd7 34. Ne4 Rxd5 35. Rxd5 Rxd5 36. Nf6+ Kf7 37. Nxd5 Bd6 38. Kf1
Ke6 39. Ne3 Bc5 40. Ke2 Bxe3 41. Kxe3 Kd5 42. f4 exf4+ 43. Kxf4 Kc4 44. Kg5
Kd3 45. Kxh5 Kc2 46. Kxg4 Kxb2 47. h4 Kxa2 48. h5 a5 49. h6 b4 50. cxb4 axb4
51. h7 b3 52. h8=Q b2 53. Qa8+ Kb3 54. Qb7+ Kc3 55. Qh7 Kb3 56. Qb1 Ka3 57.
Kf5 Kb3 58. g4 Ka4 59. g5 Ka5 60. g6 Ka6 61. g7 Ka7 62. g8=Q Ka6 63. Qxb2
Ka7 64. Qgb8+ Ka6 65. Q2b6# {Black checkmated} 1-0

[Event "ICC tourney 1955 (60 10)"]
[Site "Internet Chess Club"]
[Date "2020.08.08"]
[Round "4"]
[White "zappower"]
[Black "sushi96"]
[Result "1-0"]
[ICCResult "Black resigns"]
[WhiteElo "1446"]
[BlackElo "1772"]
[Opening "Sicilian: Kan, 5.Nc3"]
[ECO "B43"]
[NIC "SI.41"]
[Time "12:07:25"]
[TimeControl "3600+10"]

1. e4 c5 2. Nf3 e6 3. d4 cxd4 4. Nxd4 a6 5. Nc3 Qc7 6. Bd3 Nf6 7. O-O Bc5 8.
Nb3 Be7 9. Be3 d6 10. f4 Nbd7 11. a4 b6 12. Qe2 Bb7 13. f5 e5 14. Nd2 O-O
15. Bc4 Nc5 16. Nd5 Nxd5 17. Bxd5 Bxd5 18. exd5 Qb7 19. Qg4 Kh8 20. Rf3 Qxd5
21. c4 Qb7 22. Rh3 g6 23. b4 Rg8 24. Rxh7+ Kxh7 25. Qh3+ Kg7 26. Qh6+ Kf6
27. Qh4+ g5 28. Qh6+ Rg6 29. Bxg5+ Kxf5 30. Rf1+ {Black resigns} 1-0

[Event "ICC tourney 1955 (60 10)"]
[Site "Internet Chess Club"]
[Date "2020.08.08"]
[Round "4"]
[White "chesslin"]
[Black "staxxknight"]
[Result "1-0"]
[ICCResult "Black resigns"]
[WhiteElo "1951"]
[BlackElo "1750"]
[Opening "Queen's pawn, Mason variation"]
[ECO "D00"]
[NIC "QP.08"]
[Time "12:07:28"]
[TimeControl "3600+10"]

1. d4 d5 2. Bf4 Nf6 3. e3 c5 4. c3 Nc6 5. Bd3 Qb6 6. Qc1 e6 7. h3 Bd7 8. Nd2
Rc8 9. Ngf3 cxd4 10. exd4 Nb4 11. Bb1 Bb5 12. Qd1 Nd3+ 13. Bxd3 Bxd3 14. Nb3
Bb5 15. Ne5 a5 16. Nc1 Bd6 17. Ned3 Bxf4 18. Nxf4 O-O 19. Nfd3 Ne4 20. O-O
a4 21. a3 Ra8 22. Re1 Rfc8 23. Re3 Bc4 24. Nb4 Qd8 25. Qe1 Qg5 26. Ncd3 Bxd3
27. Nxd3 b5 28. Qe2 h6 29. Re1 Ra7 30. f3 Nd6 31. Rxe6 fxe6 32. Qxe6+ Rf7
33. Qxd6 Rcf8 34. Ne5 Rf6 35. Qxd5+ Kh7 36. Qxb5 Rg6 37. Qe2 Rd6 38. Qc2+
Kh8 39. Nf7+ {Black resigns} 1-0

[Event "ICC tourney 1955 (60 10)"]
[Site "Internet Chess Club"]
[Date "2020.08.08"]
[Round "4"]
[White "FamilyFork"]
[Black "hilariouspanda"]
[Result "1/2-1/2"]
[ICCResult "Game drawn by repetition"]
[WhiteElo "1866"]
[BlackElo "2069"]
[Opening "Benoni: classical, 8.Bg5"]
[ECO "A71"]
[NIC "BI.19"]
[Time "12:07:08"]
[TimeControl "3600+10"]

1. d4 c5 2. d5 Nf6 3. c4 e6 4. Nc3 exd5 5. cxd5 d6 6. e4 g6 7. Bg5 Bg7 8.
Nf3 O-O 9. Bd3 a6 10. a4 Nbd7 11. O-O Qc7 12. Qc2 Rb8 13. Ne2 b5 14. Ned4 c4
15. axb5 axb5 16. b3 Qc5 17. Rfc1 Nxd5 18. exd5 Bxd4 19. Nxd4 Qxd4 20. bxc4
Ne5 21. Be2 bxc4 22. Be7 Re8 23. Bxd6 Rb2 24. Qa4 Bd7 25. Bxe5 Qxe5 26. Qxd7
Rxe2 27. Rf1 c3 28. Ra7 Qf6 29. Rc7 c2 30. Rxc2 R8e7 31. Qd8+ Kg7 32. d6
R7e6 33. Qxf6+ Kxf6 34. d7 Ke7 35. Rxe2 Rxe2 36. Rd1 Kd8 37. Kf1 Re7 38. f4
Rxd7 39. Rxd7+ Kxd7 40. Ke2 Kd6 41. g4 h6 42. Ke3 Kd5 43. h4 f6 44. Kd3 h5
45. f5 hxg4 46. fxg6 Ke6 47. Ke4 f5+ 48. Kf4 Kf6 49. h5 Kg7 50. Kg3 Kh6 51.
Kf4 Kg7 52. Kg3 Kf6 53. Kf4 Kg7 54. Kg3 {Game drawn by repetition} 1/2-1/2

[Event "ICC tourney 1955 (60 10)"]
[Site "Internet Chess Club"]
[Date "2020.08.08"]
[Round "4"]
[White "corviknight"]
[Black "pianoboy"]
[Result "0-1"]
[ICCResult "White checkmated"]
[WhiteElo "1760"]
[BlackElo "1941"]
[Opening "Sicilian: dragon, Yugoslav attack"]
[ECO "B75"]
[NIC "SI.17"]
[Time "12:07:28"]
[TimeControl "3600+10"]

1. e4 c5 2. Nf3 d6 3. d4 cxd4 4. Nxd4 Nf6 5. Nc3 g6 6. Be3 Bg7 7. f3 Nc6 8.
Bc4 O-O 9. Bb3 Bd7 10. Qd2 Rc8 11. O-O-O Ne5 12. h4 h5 13. Bh6 a6 14. Bxg7
Kxg7 15. g4 b5 16. gxh5 Nxh5 17. Rhg1 a5 18. Qg5 Rh8 19. Nf5+ Bxf5 20. exf5
Nxf3 21. Qg4 Nxg1 22. Rxg1 Nf6 23. Qg3 Rh6 24. Qe3 Qc7 25. Bxf7 Qc5 26. Qxc5
Rxc5 27. Bxg6 Rxh4 28. Re1 Kf8 29. Ne2 Re5 30. Kd2 Rh2 31. Kd1 Nd5 32. Nd4
Rxe1+ 33. Kxe1 Nf4 34. Ne6+ Nxe6 35. fxe6 Kg7 36. Bd3 b4 37. Kd1 Kf6 38. Bc4
Ke5 39. b3 d5 40. Bd3 Kxe6 41. Kc1 Kd6 42. Kb2 e5 43. a4 bxa3+ 44. Kxa3 e4
45. Ba6 e3 46. Ka4 e2 47. Bxe2 Rxe2 48. Kxa5 Rxc2 49. b4 d4 50. b5 d3 51. b6
Rb2 52. Ka6 Rxb6+ 53. Kxb6 d2 54. Kb5 d1=Q 55. Kc4 Qd2 56. Kb5 Qc3 57. Kb6
Qb4+ 58. Ka6 Kc6 59. Ka7 Qb7# {White checkmated} 0-1

[Event "ICC tourney 1955 (60 10)"]
[Site "Internet Chess Club"]
[Date "2020.08.08"]
[Round "4"]
[White "H2ODerp"]
[Black "adchess"]
[Result "1/2-1/2"]
[ICCResult "Game drawn by mutual agreement"]
[WhiteElo "2040"]
[BlackElo "1791"]
[Opening "Two knights defense"]
[ECO "C56"]
[NIC "KP.02"]
[Time "12:07:23"]
[TimeControl "3600+10"]

1. e4 e5 2. Nf3 Nc6 3. d4 exd4 4. Bc4 Nf6 5. O-O Nxe4 6. Re1 d5 7. Bxd5 Qxd5
8. Nc3 Qd8 9. Rxe4+ Be7 10. Nxd4 f5 11. Rf4 O-O 12. Nxc6 Qxd1+ 13. Nxd1 bxc6
14. Bd2 Bg5 15. Rd4 c5 16. Rd3 c4 17. Rd4 c5 18. Rd6 Be7 19. Rd5 Be6 20. Re5
Kf7 21. Bc3 Rac8 22. Re2 Rc6 23. Ne3 Rd8 24. Rae1 Bf6 25. Nd1 Bd4 26. Bd2
Rd7 27. c3 Bf6 28. Ne3 Ra6 29. a3 Rb6 30. Bc1 g6 31. Nf1 a5 32. Nd2 Bd5 33.
f4 Rbb7 34. Kf2 a4 35. g3 h5 36. h4 Re7 37. Rxe7+ Rxe7 38. Rxe7+ Kxe7 39.
Nf3 Bxf3 40. Kxf3 Kd6 41. Bd2 Kd5 42. Bc1 Kc6 43. Bd2
{Game drawn by mutual agreement}
1/2-1/2

[Event "ICC tourney 1955 (60 10)"]
[Site "Internet Chess Club"]
[Date "2020.08.08"]
[Round "4"]
[White "Alexbander"]
[Black "mathewjiang"]
[Result "1-0"]
[ICCResult "Black resigns"]
[WhiteElo "1731"]
[BlackElo "1780"]
[Opening "English: Caro-Kann defensive system"]
[ECO "A11"]
[NIC "EO.64"]
[Time "12:07:19"]
[TimeControl "3600+10"]

1. c4 c6 2. Nc3 Nf6 3. g3 d5 4. cxd5 cxd5 5. d4 Nc6 6. Bg2 e6 7. Nf3 Be7 8.
O-O O-O 9. Be3 b6 10. Rc1 Bb7 11. h3 Rc8 12. b3 a6 13. Na4 Bd6 14. Ne5 h6
15. Rc2 Nd7 16. Nxd7 Qxd7 17. Nxb6 {Black resigns} 1-0

[Event "ICC tourney 1955 (60 10)"]
[Site "Internet Chess Club"]
[Date "2020.08.08"]
[Round "4"]
[White "whyyoutrysohard"]
[Black "knvsback"]
[Result "0-1"]
[ICCResult "White resigns"]
[WhiteElo "1608"]
[BlackElo "1852"]
[Opening "QGA: Alekhine defense"]
[ECO "D22"]
[NIC "QG.05"]
[Time "12:07:04"]
[TimeControl "3600+10"]

1. d4 d5 2. c4 dxc4 3. Nf3 a6 4. e3 Bg4 5. Bxc4 e6 6. h3 Bh5 7. O-O Nf6 8.
Nc3 Bd6 9. e4 e5 10. dxe5 Bxf3 11. gxf3 Bxe5 12. Qxd8+ Kxd8 13. Bxf7 Rf8 14.
Bb3 Nc6 15. Rd1+ Ke8 16. Kg2 Nh5 17. Be3 h6 18. Rab1 Ne7 19. Ne2 Ng6 20. Bd4
Nh4+ 21. Kh1 Nxf3 22. Bxe5 Nxe5 23. Kg2 c6 24. Rd6 Rf6 25. Rxf6 Nxf6 26. f4
Nd3 27. Kf3 Nc5 28. Bc2 Rd8 29. Ke3 Rd7 30. Nd4 Ncxe4 31. Bxe4 Re7 32. Rg1
Rxe4+ 33. Kd3 Kf7 34. Nf5 Rxf4 35. Rxg7+ Kf8 {White resigns} 0-1

[Event "ICC tourney 1955 (60 10)"]
[Site "Internet Chess Club"]
[Date "2020.08.08"]
[Round "4"]
[White "movingkid"]
[Black "BadWolf"]
[Result "1-0"]
[ICCResult "Black resigns"]
[WhiteElo "1820"]
[BlackElo "1986"]
[Opening "French: classical"]
[ECO "C13"]
[NIC "FR.06"]
[Time "12:07:07"]
[TimeControl "3600+10"]

1. e4 e6 2. d4 d5 3. Nc3 Nf6 4. Bg5 Be7 5. exd5 exd5 6. Nf3 O-O 7. Bd3 Bg4
8. h3 Be6 9. O-O c6 10. Re1 Nbd7 11. a4 Qa5 12. Ne5 Bb4 13. Nxd7 Nxd7 14.
Qh5 g6 15. Qh4 Rfe8 16. Re3 Bf8 17. Ne2 Bg7 18. c3 f6 19. Bh6 g5 20. Bxh7+
Kxh7 21. Bxg5+ Kg8 22. Bh6 Kf8 23. Bxg7+ Kxg7 24. Rg3+ Kf8 25. Qh7 Bf7 26.
Rg7 {Black resigns} 1-0

[Event "ICC tourney 1955 (60 10)"]
[Site "Internet Chess Club"]
[Date "2020.08.08"]
[Round "4"]
[White "omegablitz"]
[Black "HiHiHidf"]
[Result "0-1"]
[ICCResult "White resigns"]
[WhiteElo "1736"]
[BlackElo "1972"]
[Opening "Old Indian defense"]
[ECO "A53"]
[NIC "OI.04"]
[Time "12:06:29"]
[TimeControl "3600+10"]

1. d4 Nf6 2. c4 d6 3. Nc3 Nbd7 4. Nf3 g6 5. h3 Bg7 6. Bf4 O-O 7. e3 Re8 8.
Be2 e5 9. Bh2 exd4 10. exd4 Ne4 11. O-O Nxc3 12. bxc3 b6 13. Qd3 Bb7 14. d5
Nc5 15. Qc2 Ne4 16. Bd3 Nxc3 17. a4 Nxd5 18. cxd5 Bxa1 19. Rxa1 Bxd5 20. Rc1
c5 21. Nd2 Qg5 22. Bg3 h5 23. h4 Qg4 24. Nc4 Re6 25. Qd2 Rae8 26. Kh2 Bc6
27. f3 Qd4 28. Bf2 Qf6 29. f4 Bxa4 30. f5 gxf5 31. Ne3 Re5 32. Nc4 Rd5 33.
Ne3 Qh6 34. Rc3 Bb5 35. Qa2 Rxd3 {White resigns} 0-1

[Event "ICC tourney 1955 (60 10)"]
[Site "Internet Chess Club"]
[Date "2020.08.08"]
[Round "4"]
[White "askarkztx"]
[Black "sichuansy"]
[Result "0-1"]
[ICCResult "White resigns"]
[WhiteElo "2036"]
[BlackElo "1996"]
[Opening "English opening"]
[ECO "A20"]
[NIC "EO.24"]
[Time "12:06:10"]
[TimeControl "3600+10"]

1. c4 e5 2. g3 Nc6 3. Bg2 f5 4. Nc3 Bb4 5. Nd5 Nf6 6. Nxb4 Nxb4 7. a3 Nc6 8.
d3 a5 9. b3 O-O 10. Bg5 h6 11. h4 Qe8 12. e3 hxg5 13. hxg5 Nh7 14. Bd5+ Kh8
15. Qf3 Ne7 16. Ne2 Nxd5 17. Qxd5 Ra6 18. Kd2 Qe6 19. g6 Qxg6 20. Rh4 Qf7
21. Rah1 Rh6 22. Rxh6 gxh6 23. Qxe5+ Qg7 24. Qd5 b6 25. d4 Nf6 26. Qf3 Ne4+
27. Kc2 Bb7 28. Qf4 Kh7 29. Rh2 d6 30. d5 Qg5 31. Qf3 Qg4 32. Nd4 Qxf3 33.
Nxf3 Kg7 34. Nd4 Bc8 35. b4 axb4 36. axb4 Bd7 37. f3 Ng5 38. Kd3 Ra8 39. Rc2
Ra3+ 40. Rc3 Rxc3+ 41. Kxc3 Kf6 42. Kd3 Nf7 43. f4 h5 44. Ke2 Nd8 45. Kf3 c5
46. dxc6 Bxc6+ 47. Kf2 Be4 48. Nb5 d5 49. cxd5 Bxd5 50. Nc3 Be4 51. Na4 b5
52. Nc3 Bd3 53. Nd5+ Ke6 54. Nc7+ Kd7 55. Na6 Kc6 56. Nc5 Be4 57. g4 hxg4
58. Nxe4 fxe4 59. Kg3 Kd5 60. Kxg4 Nc6 61. f5 Ke5 62. f6 Kxf6 63. Kf4 Nxb4
64. Kxe4 Ke6 65. Kd4 Nc6+ 66. Kc5 b4 67. Kc4 Ke5 68. Kd3 Kd5 69. e4+ Ke5 70.
Ke3 Na5 71. Kd3 b3 72. Kc3 Kxe4 73. Kb2 Kd3 74. Kb1 Kc3 75. Kc1 Nc4 76. Kb1
b2 77. Ka2 Nd2 {White resigns} 0-1

[Event "ICC tourney 1955 (60 10)"]
[Site "Internet Chess Club"]
[Date "2020.08.08"]
[Round "4"]
[White "JadenShaw"]
[Black "fork321"]
[Result "0-1"]
[ICCResult "White resigns"]
[WhiteElo "1767"]
[BlackElo "1946"]
[Opening "Robatsch (modern) defense"]
[ECO "B06"]
[NIC "KF.05"]
[Time "12:07:40"]
[TimeControl "3600+10"]

1. e4 g6 2. d4 Bg7 3. Nf3 c6 4. c4 d6 5. Nc3 Nf6 6. Be3 O-O 7. Be2 Nbd7 8.
h3 e5 9. Qd2 Re8 10. d5 Nc5 11. Bxc5 dxc5 12. dxc6 bxc6 13. Rd1 Ba6 14. O-O
Qe7 15. Qd6 Qb7 16. b3 Qb4 17. Qd2 Nh5 18. g3 Bf6 19. Qe3 Rad8 20. Na4 Bc8
21. Kg2 Ng7 22. Qxc5 Qxc5 23. Nxc5 Be7 24. Na4 f6 25. c5 Be6 26. Ba6 Rb8 27.
Nd2 Bd8 28. Nc4 Bc7 29. Rd2 Red8 30. Rfd1 Rxd2 31. Rxd2 Kf8 32. Nd6 Ke7 33.
g4 Bd7 34. Bc4 Be6 35. Ba6 Bd7 36. Nb2 Ne6 37. Nbc4 Nxc5 {White resigns} 0-1

[Event "ICC tourney 1955 (60 10)"]
[Site "Internet Chess Club"]
[Date "2020.08.08"]
[Round "4"]
[White "KnightRyder3"]
[Black "Mengocat"]
[Result "0-1"]
[ICCResult "White resigns"]
[WhiteElo "1779"]
[BlackElo "1924"]
[Opening "Giuoco Pianissimo"]
[ECO "C50"]
[NIC "IG.02"]
[Time "12:07:16"]
[TimeControl "3600+10"]

1. e4 e5 2. Nf3 Nc6 3. Bc4 Bc5 4. d3 Nf6 5. O-O d6 6. c3 a6 7. Bb3 Ba7 8.
Re1 h6 9. h3 O-O 10. Nbd2 Be6 11. Bxe6 fxe6 12. Qb3 Qd7 13. Nf1 Nh5 14. Qc2
Rf7 15. Be3 Bxe3 16. fxe3 Raf8 17. Rad1 d5 18. d4 Qd6 19. exd5 exd5 20. e4
exd4 21. e5 Qe7 22. cxd4 Nf4 23. Kh2 Nxg2 24. Qxg2 Rxf3 25. Re2 Qh4 26. Kg1
R8f5 27. Nh2 Rg3 {White resigns} 0-1

[Event "ICC tourney 1955 (60 10)"]
[Site "Internet Chess Club"]
[Date "2020.08.08"]
[Round "4"]
[White "Chessking2008"]
[Black "albertyao"]
[Result "1-0"]
[ICCResult "Black resigns"]
[WhiteElo "2155"]
[BlackElo "1931"]
[Opening "King's Indian: orthodox variation"]
[ECO "E94"]
[NIC "KI.15"]
[Time "12:06:40"]
[TimeControl "3600+10"]

1. c4 Nf6 2. Nc3 d6 3. e4 g6 4. d4 Bg7 5. Nf3 O-O 6. Be2 e5 7. O-O Na6 8.
Qc2 Nb4 9. Qd1 a5 10. a3 Na6 11. Qc2 Qe7 12. Rd1 Bg4 13. d5 Nc5 14. Be3 a4
15. Nd2 Bd7 16. b4 axb3 17. Nxb3 Nxb3 18. Qxb3 b6 19. f3 Ne8 20. a4 f5 21.
a5 Rxa5 22. Rxa5 bxa5 23. c5 f4 24. Bf2 g5 25. c6 Bc8 26. Qb8 Nf6 27. Nb5
Ba6 28. Qa7 Bxb5 29. Bxb5 g4 30. Be2 Qf7 31. Kh1 Bh6 32. Bh4 Nxe4 33. fxe4
Qh5 34. Qf2 f3 35. gxf3 gxf3 36. Rg1+ Kh8 37. Qg3 Qf7 38. Rf1 Bf4 39. Qxf3
a4 40. Ra1 Ra8 41. Qh5 Qxh5 42. Bxh5 a3 43. Rg1 Rf8 44. Be7 Be3 45. Bxf8
Bxg1 46. Bxd6 Bd4 47. Bxa3 {Black resigns} 1-0

[Event "ICC tourney 1955 (60 10)"]
[Site "Internet Chess Club"]
[Date "2020.08.08"]
[Round "4"]
[White "aritroc"]
[Black "KnightHawk8"]
[Result "1-0"]
[ICCResult "Black checkmated"]
[WhiteElo "1927"]
[BlackElo "2017"]
[Opening "Catalan: open, 5.Nf3"]
[ECO "E04"]
[NIC "CA.03"]
[Time "12:06:43"]
[TimeControl "3600+10"]

1. d4 d5 2. c4 e6 3. Nf3 Nf6 4. g3 dxc4 5. Bg2 a6 6. a4 Nc6 7. O-O Rb8 8.
Re1 Be7 9. e4 Na5 10. Nc3 Nb3 11. Ra2 Nxc1 12. Qxc1 O-O 13. Ra1 c5 14. d5
exd5 15. exd5 Qc7 16. Ne5 Ng4 17. Nxc4 b5 18. axb5 axb5 19. Nd2 f5 20. Nf3
f4 21. Nxb5 Rxb5 22. d6 Qb6 23. dxe7 Re8 24. Qc4+ Kh8 25. Qf7 Nf6 26. Qf8+
Ng8 27. Qxe8 Be6 28. Rxe6 Qxe6 29. Re1 Qb3 30. Qxg8+ Qxg8 31. e8=Q Rxb2 32.
Qxg8+ Kxg8 33. gxf4 Rb4 34. Ng5 Rxf4 35. Bd5+ Kh8 36. Re8+ Rf8 37. Rxf8#
{Black checkmated}
1-0

[Event "ICC tourney 1955 (60 10)"]
[Site "Internet Chess Club"]
[Date "2020.08.08"]
[Round "4"]
[White "Zues9393"]
[Black "pbalaji2008"]
[Result "1-0"]
[ICCResult "Black checkmated"]
[WhiteElo "1978"]
[BlackElo "1680"]
[Opening "Caro-Kann: two knights variation"]
[ECO "B11"]
[NIC "CK.01"]
[Time "12:07:28"]
[TimeControl "3600+10"]

1. e4 c6 2. Nc3 d5 3. Nf3 dxe4 4. Nxe4 Nf6 5. Nxf6+ exf6 6. d4 Bd6 7. Bd3
O-O 8. Be3 Re8 9. Qe2 f5 10. g3 h6 11. O-O-O Qf6 12. Qd2 Be6 13. Kb1 Nd7 14.
h4 Qd8 15. Rh2 a5 16. Bf4 Qc7 17. c4 Bxf4 18. gxf4 Nf6 19. h5 Ne4 20. Qe3
Bd7 21. Ne5 f6 22. Bxe4 fxe4 23. Ng6 Bf5 24. Nh4 Bg4 25. Rg1 f5 26. Ng6 Qf7
27. Qc3 Red8 28. Ne5 Qf6 29. c5 Qe6 30. Rhg2 Kh8 31. Nxg4 fxg4 32. Rxg4 Qf5
33. d5 Qf6 34. Qxf6 gxf6 35. Rg6 Kh7 36. dxc6 bxc6 37. Rxf6 Rd2 38. Rf7+ Kh8
39. Rf6 Kh7 40. Rgg6 Rxf2 41. Rxh6+ Kg7 42. Rfg6+ Kf7 43. Rh7+ Kf8 44. Rh8+
Kf7 45. Rxa8 Rxf4 46. Ra7+ Kf8 47. Rxc6 Rf1+ 48. Kc2 Rf2+ 49. Kc3 Rf3+ 50.
Kd4 Rd3+ 51. Kxe4 Re3+ 52. Kxe3 a4 53. Rc8# {Black checkmated} 1-0

[Event "ICC tourney 1955 (60 10)"]
[Site "Internet Chess Club"]
[Date "2020.08.08"]
[Round "4"]
[White "aarushnaveen"]
[Black "Atharva10"]
[Result "1-0"]
[ICCResult "Black resigns"]
[WhiteElo "1714"]
[BlackElo "2020"]
[Opening "French: Tarrasch, closed variation"]
[ECO "C05"]
[NIC "FR.17"]
[Time "12:06:55"]
[TimeControl "3600+10"]

1. e4 e6 2. d4 d5 3. Nd2 Nf6 4. e5 Nfd7 5. Bd3 c5 6. c3 Nc6 7. Ne2 Qb6 8.
Nf3 cxd4 9. cxd4 Bb4+ 10. Bd2 O-O 11. O-O Rd8 12. Bxb4 Nxb4 13. Nf4 Nxd3 14.
Nxd3 Nf8 15. Qd2 Bd7 16. Nc5 Bb5 17. Rfc1 Bc6 18. Rc3 Qc7 19. Ne1 b6 20. Nb3
a5 21. Rac1 Rac8 22. Qc2 Qe7 23. Rxc6 Rb8 24. a4 Qg5 25. Nf3 Qg4 26. Rc7 Ng6
27. Qc6 Nf4 28. Ne1 Ne2+ 29. Kf1 Nxc1 30. Qxc1 Rf8 31. Nf3 Qe4 32. Kg1 Qd3
33. Rc3 Qa6 34. h3 h6 35. Nbd2 Rfc8 36. Nb1 Rxc3 37. Nxc3 Rc8 38. Qd2 Qc4
39. g4 Qb4 40. g5 hxg5 41. Nxg5 Qe7 42. Qe3 Rc6 43. Qg3 Kf8 44. Nh7+ Ke8 45.
Qxg7 Kd8 46. Nf6 Kc8 47. Qg8+ Kb7 48. Nb5 Rc1+ 49. Kg2 Rc2 50. Nd6+ Ka6 51.
Qa8+ Qa7 52. Qe8 Qc7 53. h4 Rxf2+ 54. Kxf2 Qc2+ 55. Kg3 Qd3+ 56. Kg4 Qe2+
57. Kg5 Qe3+ 58. Kh5 Qf3+ 59. Ng4 {Black resigns} 1-0

[Event "ICC tourney 1955 (60 10)"]
[Site "Internet Chess Club"]
[Date "2020.08.08"]
[Round "4"]
[White "bishoboo"]
[Black "saatvik"]
[Result "0-1"]
[ICCResult "White resigns"]
[WhiteElo "1911"]
[BlackElo "1811"]
[Opening "Modern defense: Averbakh system, Randspringer variation"]
[ECO "A42"]
[NIC "KF.04"]
[Time "12:07:27"]
[TimeControl "3600+10"]

1. d4 d6 2. c4 g6 3. Nc3 Bg7 4. e4 f5 5. f3 Nf6 6. Bg5 O-O 7. Qd2 c5 8. d5
Nbd7 9. Nge2 fxe4 10. fxe4 Qa5 11. Ng3 Ng4 12. Be2 Ndf6 13. h3 Ne5 14. O-O-O
Nf7 15. Be3 Bd7 16. Bd3 a6 17. Kb1 b5 18. Nce2 Qxd2 19. Bxd2 Ne5 20. Bf4
Nxd3 21. Rxd3 bxc4 22. Rdd1 Nxe4 23. Nxe4 Bf5 24. Nc3 Bxc3 25. Rde1 Bxe1 26.
Rxe1 Bxe4+ 27. Rxe4 Rab8 28. Bh6 Rf2 29. Rxe7 c3 30. b3 c4 31. Kc1 Rxa2 32.
Rg7+ Kh8 33. Rc7 cxb3 34. Bg7+ Kg8 35. Bxc3 b2+ 36. Bxb2 Rbxb2 {White
resigns} 0-1

[Event "ICC tourney 1955 (60 10)"]
[Site "Internet Chess Club"]
[Date "2020.08.08"]
[Round "4"]
[White "atharvajaeel"]
[Black "sanjayselvam"]
[Result "1-0"]
[ICCResult "Black resigns"]
[WhiteElo "463"]
[BlackElo "1925"]
[Opening "QGD semi-Slav: 5.e3"]
[ECO "D45"]
[NIC "SL.08"]
[Time "12:07:36"]
[TimeControl "3600+10"]

1. d4 d5 2. c4 e6 3. Nc3 c6 4. Nf3 Nf6 5. e3 Bd6 6. Qc2 Nbd7 7. b3 b6 8. Bd3
Bb7 9. O-O c5 10. cxd5 exd5 11. dxc5 Nxc5 12. Bb5+ Kf8 13. h3 a6 14. Be2 Rc8
15. Bb2 Nce4 16. Qd3 Nc5 17. Qd1 Bb8 18. Rc1 Qd6 19. Nb1 Rd8 20. Be5 Qe6 21.
Bxb8 Rxb8 22. b4 Nce4 23. Qd4 g6 24. Ne5 h5 25. Rc7 Rh7 26. Nc3 Nd6 27. Nc6
Nde8 28. Nxb8 Nxc7 29. Na4 Ke7 30. Rc1 Qd6 31. Qxb6 Qxb6 32. Nxb6 Kd6 33.
Nc8+ Bxc8 34. Rc6+ Ke5 35. Rxc7 Be6 36. Nxa6 Rh8 37. Rc2 Bf5 38. Rb2 Rc8 39.
b5 Ne4 40. g4 Rc1+ 41. Kg2 Bc8 42. b6 Bb7 43. Nc7 d4 44. exd4+ Kxd4 45. Bf3
h4 46. Ne8 Rc3 47. Rb4+ Ke5 48. Bxe4 Bxe4+ 49. Rxe4+ Kxe4 50. b7 {Black
resigns} 1-0